AoeStats
← Simple Jack, u mad?

Hill Fort

506640898Analyzed
4v4 RM · 19d ago on Sep 14, 2026· 33m 30s· 8 players
Game mode
Random Map
Map size
Large (8 player)
Population
200
Speed
Normal
Resources
Standard
Victory
Conquest
Starting age
Dark Age
Ending age
Imperial Age
RankedLock teamsTeams togetherTeam positionsShared explorationLock speedFull tech treeHidden civsTurbo modeCheats
Victory
Defeat
🇹🇷 Mongols · Türkiye
1656
+13
🇮🇳 Tupi · India
1556
+18
🇨🇿 Bengalis · Czechia
1551
+18
1528
+19
🇹🇷 Turks · Türkiye
1608
-18
🇸🇪 Khmer · Sweden
1599
-17
🇨🇦 Persians · Canada
1597
-17
🇩🇪 Cumans · Germany
1565
-16
Neorise
10:10 Feudal Age
12:29 Loom
17:03 Castle Age
15:05 Double-Bit Axe
15:20 Horse Collar
16:18 Gold Mining
17:14 Wheelbarrow
17:51 Bow Saw
21:19 Scale Barding Armor
21:24 Forging
22:09 Bloodlines
24:36 Husbandry
27:06 Chain Barding Armor
28:41 Gold Shaft Mining
30:42 Stone Mining
32:14 Town Watch
34:00 Iron Casting
Hommi
3:33 Loom
7:25 Loom
10:39 Feudal Age
12:42 Double-Bit Axe
25:39 Castle Age
27:40 Bow Saw
27:47 Fishing Lines
32:49 Horse Collar
Simple Jack, u mad?
10:57 Feudal Age
14:10 Castle Age
12:31 Double-Bit Axe
13:02 Horse Collar
15:36 Bow Saw
22:09 Loom
24:18 Gold Mining
26:21 Heavy Plow
28:46 Wheelbarrow
33:53 Imperial Age
32:14 Bloodlines
32:04 Husbandry
33:11 Scale Barding Armor
34:26 Chain Barding Armor
Allison
10:57 Feudal Age
13:35 Loom
16:28 Castle Age
14:52 Double-Bit Axe
15:06 Horse Collar
15:33 Town Watch
17:22 Bow Saw
18:12 Stone Mining
19:51 Gold Mining
20:24 Fletching
22:30 Wheelbarrow
25:07 Padded Archer Armor
25:55 Heavy Plow
27:37 Hand Cart
29:09 Leather Archer Armor
31:57 Gold Shaft Mining
32:04 Bodkin Arrow
35:46 Imperial Age
枕上鸳鸯睡红莲
10:56 Feudal Age
14:45 Castle Age
13:09 Double-Bit Axe
13:40 Horse Collar
15:55 Bow Saw
17:09 Heavy Plow
19:17 Wheelbarrow
21:57 Hand Cart
21:38 Gold Mining
23:01 Gold Shaft Mining
22:46 Husbandry
24:44 Bloodlines
24:43 Loom
26:47 Scale Barding Armor
29:18 Imperial Age
27:01 Stone Mining
27:34 Forging
28:41 Chain Barding Armor
28:57 Iron Casting
29:26 Heavy Camel Rider
30:48 Plate Barding Armor
31:38 Caravan
33:01 Blast Furnace
31:47 Imperial Camel Rider
33:55 Two-Man Saw
kerwin
11:25 Feudal Age
10:42 Loom
15:14 Castle Age
13:14 Double-Bit Axe
16:12 Bow Saw
17:09 Fletching
19:38 Bodkin Arrow
23:47 Ballistics
24:22 Wheelbarrow
25:39 Town Watch
26:43 Padded Archer Armor
28:08 Horse Collar
32:33 Imperial Age
30:56 Hand Cart
32:12 Gold Mining
32:23 Heavy Plow
32:14 Stone Mining
33:14 Bracer
34:20 Chemistry
33:56 Conscription
Franczesco
11:11 Feudal Age
15:33 Castle Age
14:28 Double-Bit Axe
14:39 Horse Collar
16:43 Bow Saw
17:47 Wheelbarrow
18:58 Gold Mining
20:36 Loom
21:40 Hand Cart
23:23 Town Watch
24:29 Stone Mining
24:46 Heavy Plow
24:54 Heavy Plow
26:20 Gold Shaft Mining
29:27 Imperial Age
27:00 Fletching
27:29 Padded Archer Armor
27:41 Bodkin Arrow
28:09 Ballistics
28:52 Leather Archer Armor
29:28 Paiks
31:24 Chemistry
29:46 Elite Elephant Archer
30:59 Bracer
33:34 Ring Archer Armor
33:27 Mahayana
Çıkmaz Sokak
8:20 Feudal Age
8:27 Feudal Age
14:32 Castle Age
12:29 Horse Collar
13:35 Double-Bit Axe
14:22 Loom
15:00 Gold Mining
21:26 Scale Barding Armor
23:34 Bloodlines
27:28 Chain Barding Armor
27:49 Forging
32:27 Wheelbarrow
33:20 Husbandry
Connection lost

Rejoining the realm…

Still unreachable

The connection could not be restored.

Session expired

The server has moved on; the page needs a fresh start.